 Dungeon Crawl Stone Soup version 0.20-a0-941-gba1b1f9 (webtiles) character file.

1248 winWinterter the Slasher (level 8, -19/61 HPs)
             Began as a Demonspawn Gladiator on Mar 31, 2017.
             Killed from afar by a raiju (22 damage)
             ... with a living lightning
             ... on level 2 of the Abyss.
             The game lasted 00:17:45 (5025 turns).

winWinterter the Slasher (Demonspawn Gladiator)     Turns: 5025, Time: 00:17:46

Health: -19/61     AC: 13    Str: 21    XL:     8   Next: 26%
Magic:  8/8        EV: 12    Int: 11    God:
Gold:   200        SH:  0    Dex: 16    Spells: 7/7 levels left

rFire    + . .     SeeInvis .   a - +0 long sword
rCold    . . .     Gourm    .   (no shield)
rNeg     . . .     Faith    .   k - +0 ring mail
rPois    +         Spirit   .   c - +1 helmet
rElec    .         Reflect  .   (no cloak)
rCorr    .         Harm     .   (no gloves)
MR       .....     Rnd*Tele +   (no boots)
Stlth    +.........             (no amulet)
Regen    0.0/turn               s - ring of flight
MPRegen  0.2/turn               r - ring of teleportation (curse)

@: mighty, sanguine armour, heavily drained
A: fire resistance 1, poison resistance, powered by pain 2, inhibited
regeneration, strong 1, sanguine armour 1
a: Evoke Flight


You were on level 2 of the Abyss.
You were not hungry.

You visited 1 branch of the dungeon, and saw 4 of its levels.
You visited the Abyss 1 time.
You also visited: Ossuary.

You collected 200 gold pieces.

Inventory:

Hand Weapons
 a - a +0 long sword (weapon)
Armour
 b - a +0 leather armour
 c - a +1 helmet (worn)
 k - a +0 ring mail (worn)
Jewellery
 i - an uncursed ring of magical power
 r - a cursed ring of teleportation (right hand)
 s - a ring of flight (left hand)
Scrolls
 n - 8 scrolls of identify
Potions
 e - a potion of lignification
Comestibles
 f - 2 bread rations
 h - a meat ration


   Skills:
 * Level 4.4(2.8) Fighting
 * Level 7.1(5.4) Long Blades
 * Level 2.2(0.7) Throwing
 + Level 3.1(1.6) Armour
 + Level 3.9(2.4) Dodging
 + Level 1.7(0.2) Stealth


You had 7 spell levels left.
You didn't know any spells.

Dungeon Overview and Level Annotations

Branches:
Dungeon (4/15)
 Temple: D:4-7

Altars:
Cheibriados
Qazlal
Uskayaw

Annotations:
D:4 Robin


Innate Abilities, Weirdness & Mutations

You sometimes gain power by taking damage.
When seriously injured, your bleeding wounds create armour. (AC +6)
Your flesh is heat resistant. (rF+)
Your system is resistant to poisons. (rPois)
You do not regenerate when monsters are visible.
Your muscles are strong. (Str +2)


Message History

Found 11 gold pieces.
You see here 11 gold pieces.
You now have 200 gold pieces (gained 11).
The smoke demon gestures at you. The ball of steam hits you! You resist.
* * * LOW HITPOINT WARNING * * *
A raiju comes into view.
The raiju barks!
The small abomination is engulfed in a cloud of scalding steam.
A sun demon comes into view.
The small abomination is engulfed in a cloud of scalding steam.
The small abomination barely misses you.
A balrug comes into view. It is wielding a demon whip.
The smoke demon gestures at you. Something smites you!
* * * LOW HITPOINT WARNING * * *
Okay, then.
The raiju bursts into living lightning!
The living lightning hits you!
You die...

#..#..#.....#...#
...#....#.#.#....#
# #......##....#.#
.........#.3 .##
........#. #.## .#
#..#...#3#.. ..
.###.h#...#
#...##..###..#.#
#..##@x#.# .h.#
#....##.#.. .#3.
#..#.#. .#......2
# .. .. ###.. .##
##. . .. . #. . ..


You could see a sun demon, a raiju and a small abomination.

Vanquished Creatures
  Grinder (D:3)
  Edmund (D:4)
  9 scorpions (Ossuary)
  3 centaur zombies (Ossuary)
  2 human zombies
  An orc wizard (D:4)
  An iguana (D:4)
  3 human skeletons (D:4)
  A worker ant (D:3)
  3 big kobold zombies (Ossuary)
  2 mummies (Ossuary)
  A gnoll (D:4)
  4 adders
  4 scorpion zombies (Ossuary)
  2 worms
  2 dart slugs
  4 leopard geckos
  12 orcs
  2 giant cockroaches
  2 gnoll zombies (Ossuary)
  17 goblins
  9 hobgoblins
  3 jackals (D:3)
  3 quokkas
  8 bats
  2 frilled lizards
  3 goblin zombies (Ossuary)
  A hobgoblin zombie (Ossuary)
  6 kobolds
  A kobold zombie (Ossuary)
  2 orc skeletons (D:4)
  2 orc zombies (Ossuary)
  6 rats
123 creatures vanquished.

Vanquished Creatures (others)
  A mummy (Ossuary)
  A goblin zombie (Ossuary)
  A kobold zombie (Ossuary)
3 creatures vanquished.

Grand Total: 126 creatures vanquished

Notes
Turn   | Place    | Note
-------+----------+-------------------------------------------
     0 | D:1      | winWinterter the Demonspawn Gladiator began the quest for the Orb.
     0 | D:1      | Reached XP level 1. HP: 16/16 MP: 1/1
   316 | D:1      | Reached skill level 3 in Long Blades
   348 | D:1      | Gained mutation: When seriously injured, your bleeding wounds create armour. (AC +6) [demonic ancestry]
   348 | D:1      | Reached XP level 2. HP: 22/22 MP: 2/2
   930 | D:2      | Gained mutation: You sometimes gain a little power by taking damage. [demonic ancestry]
   930 | D:2      | Reached XP level 3. HP: 27/27 MP: 3/3
  1488 | D:3      | Reached XP level 4. HP: 18/34 MP: 4/4
  1711 | D:3      | Noticed Grinder
  1985 | D:2      | Gained mutation: You tend to lose your temper in combat. [potion of mutation]
  1985 | D:2      | Gained mutation: You evolve. [potion of mutation]
  2019 | D:3      | Killed Grinder
  2019 | D:3      | Reached skill level 4 in Long Blades
  2019 | D:3      | Reached skill level 1 in Armour
  2019 | D:3      | Reached skill level 1 in Stealth
  2019 | D:3      | Reached XP level 5. HP: 40/40 MP: 5/5
  2147 | D:3      | Reached XP level 6. HP: 46/46 MP: 6/6
  2351 | D:3      | Found a snail-covered altar of Cheibriados.
  2351 | D:3      | Found a stormy altar of Qazlal.
  2354 | D:3      | Found a hide-covered altar of Uskayaw.
  3040 | D:4      | Reached skill level 5 in Long Blades
  3063 | D:4      | Found a sand-covered staircase.
  3075 | Ossuary  | Entered an ossuary
  3170 | Ossuary  | Gained mutation: You sometimes gain power by taking damage. [demonic ancestry]
  3170 | Ossuary  | Reached XP level 7. HP: 39/52 MP: 7/7
  3439 | Ossuary  | Reached skill level 6 in Long Blades
  3745 | Ossuary  | Lost mutation: You evolve. [potion of mutation]
  3745 | Ossuary  | Lost mutation: You tend to lose your temper in combat. [potion of mutation]
  3745 | Ossuary  | Gained mutation: Your flesh is heat resistant. (rF+) [potion of mutation]
  3745 | Ossuary  | Gained mutation: Your system is resistant to poisons. (rPois) [potion of mutation]
  3745 | Ossuary  | Gained mutation: You do not regenerate when monsters are visible. [potion of mutation]
  3745 | Ossuary  | Gained mutation: Your muscles are strong. (Str +2) [potion of mutation]
  4237 | Ossuary  | Reached XP level 8. HP: 49/60 MP: 8/8
  4835 | D:4      | Noticed Edmund
  4839 | D:4      | Noticed Robin
  4849 | D:4      | Killed Edmund
  4849 | D:4      | Reached skill level 7 in Long Blades
  4897 | D:4      | Cast into level 2 of the Abyss (Robin)
  4991 | Abyss:2  | Noticed a smoke demon
  5019 | Abyss:2  | Noticed a raiju
  5020 | Abyss:2  | Noticed a sun demon
  5021 | Abyss:2  | Noticed a balrug
  5022 | Abyss:2  | HP: 3/61 [smoke demon/divine providence (9)]
  5025 | Abyss:2  | Killed from afar by a raiju

Vault maps used:
D:1:      sevenhm_arrival_forest_fort_large_2
D:3:      nicolae_overflow_hidden_temple, first_bread, uniq_grinder
D:4:      wad_woods_tower, nicolae_ossuary_entry_catacombs, uniq_purgy,
          uniq_edmund, uniq_robin, uniq_menkaure
Ossuary:  ossuary_minmay_scorpions

Skill      XL: |  1  2  3  4  5  6  7  8 |
---------------+-------------------------+-----
Long Blades    | 3 4 5 6 7 |  7.1
Dodging        | 3 |  3.9
Armour         | 1 2 3 |  3.1
Stealth        | 1 |  1.7
Fighting       | 3 4 |  4.4
Throwing       | 2 |  2.2

Action                   |  1- 3 |  4- 6 |  7- 9 || total
-------------------------+-------+-------+-------++-------
Melee: Long sword        |   106 |   119 |   228 ||   453
Throw: Tomahawk          |       |       |     9 ||     9
       Throwing net      |       |       |     3 ||     3
  Use: Scroll            |     4 |     2 |       ||     6
       Potion            |       |     7 |    13 ||    20
 Stab: Sleeping          |     3 |       |     3 ||     6
       Distracted        |     1 |       |       ||     1
  Eat: Chunk             |     2 |     5 |     3 ||    10
       Fruit             |       |     2 |     2 ||     4
Armor: Leather armour    |    44 |    10 |       ||    54
       Ring mail         |       |    20 |    65 ||    85
       Skin              |       |       |    22 ||    22
Dodge: Dodged            |    76 |    79 |   114 ||   269
       Rpst.: Long sword |    26 |    20 |    33 ||    79
